 Dungeon Crawl Stone Soup version 0.27.1 (webtiles) character file.

Game seed: 1649808091309169515

16977 Tinkle the Severer (level 12, -3/106 HPs)
             Began as a Minotaur Berserker on Aug 31, 2021.
             Was a High Priest of Trog.
             Slain by a seven-headed hydra (11 damage)
             ... on level 1 of the Lair of Beasts on Sept 1, 2021.
             The game lasted 00:57:46 (16184 turns).

Tinkle the Severer (Minotaur Berserker)            Turns: 16184, Time: 00:57:46

Health: -3/106     AC: 19    Str: 32    XL:     12   Next: 14%
Magic:  11/11      EV: 10    Int:  5    God:    Trog [*****.]
Gold:   412        SH:  0    Dex: 10    Spells: 11/11 levels left

rFire    . . .     SeeInvis .   h - +2 flail (venom)
rCold    + . .     Faith    .   (no shield)
rNeg     . . .     Spirit   .   v - +2 plate armour {Will+}
rPois    .         Reflect  .   (helmet restricted)
rElec    .         Harm     .   w - +0 cloak
rCorr    +         Rampage  .   (no gloves)
Will     ++...                  q - +0 pair of boots
Stlth    ..........             (no amulet)
HPRegen  0.27/turn              f - +6 ring of strength
MPRegen  0.12/turn              a - ring of Zining {rC+ Will+ rCorr}

@: marked, on berserk cooldown, slowed, very slow
A: horns 2, retaliatory headbutt
a: Renounce Religion, Berserk, Trog's Hand, Brothers in Arms


You were on level 1 of the Lair of Beasts.
You worshipped Trog.
Trog was extremely pleased with you.
You visited 2 branches of the dungeon, and saw 11 of its levels.

You collected 650 gold pieces.
You spent 238 gold pieces at shops.

Inventory:

Hand Weapons
 h - a +2 flail of venom (weapon)
 u - a +2 hand axe of electrocution
 J - a +4 war axe
Missiles
 i - 15 boomerangs
 o - 2 throwing nets
 A - 18 poisoned darts (quivered)
Armour
 q - a +0 pair of boots (worn)
 v - a +2 plate armour of willpower (worn)
 w - a +0 cloak (worn)
Jewellery
 a - the ring of Zining (right hand) {rC+ Will+ rCorr}
   (You found it on level 6 of the Dungeon)

   [ring of protection from cold]

   rC:        It protects you from cold.
   rCorr:     It protects you from acid and corrosion.
   Will:      It increases your willpower.
 f - a +6 ring of strength (left hand)
 j - a ring of willpower
 s - a +4 ring of evasion
 t - a ring of magical power
 E - a +6 ring of dexterity
Wands
 l - a wand of flame (45)
 D - a wand of paralysis (8)
Scrolls
 e - 5 scrolls of teleportation
 k - a scroll of blinking
 m - 2 scrolls of magic mapping
 y - a scroll of vulnerability {unknown}
 G - a scroll of fog
 H - a scroll of enchant armour
Potions
 b - 7 potions of curing
 c - a potion of ambrosia
 d - a potion of berserk rage
 g - 3 potions of mutation
 n - a potion of heal wounds
 p - a potion of lignification
 r - a potion of brilliance
 x - a potion of resistance
 z - a potion of haste
 F - a potion of flight {unknown}
Miscellaneous
 B - a phial of floods


   Skills:
 - Level 10.0 Fighting
 - Level 16.0 Axes
 + Level 4.3 Throwing
 - Level 10.1 Armour
 - Level 6.4 Dodging
 - Level 5.0 Evocations


You had 11 spell levels left.
You didn't know any spells.
Your spell library was empty.

Dungeon Overview and Level Annotations

Branches:
Dungeon (10/15)            Temple (0/1) D:5            Lair (1/6) D:9
    Orc: D:9-12

Altars:
Elyvilon
Hepliaklqana
Kikubaaqudgha
Ru
Trog
Zin

Shops:
D:4 *   D:7 *   D:9 *


Innate Abilities, Weirdness & Mutations

You have a pair of horns on your head.
You reflexively headbutt those who attack you in melee.


Message History

You headbutt the seven-headed hydra!
The seven-headed hydra is moderately wounded.
The seven-headed hydra bites you but does no damage.
The seven-headed hydra closely misses you.
The seven-headed hydra bites you but does no damage.
The seven-headed hydra completely misses you.
The seven-headed hydra bites you but does no damage.
The seven-headed hydra bites you. x2
* * * LOW HITPOINT WARNING * * *
Damage: -3%(-4hp) hp: 30%(47hp)
You barely miss the seven-headed hydra.
The seven-headed hydra is moderately wounded.
You bludgeon the seven-headed hydra!!
Your headbutt misses the seven-headed hydra.
The seven-headed hydra is heavily wounded.
The seven-headed hydra closely misses you.
The seven-headed hydra bites you but does no damage.
The seven-headed hydra closely misses you.
The seven-headed hydra bites you.
* * * LOW HITPOINT WARNING * * *
The seven-headed hydra bites you but does no damage.
The seven-headed hydra bites you!
* * * LOW HITPOINT WARNING * * *
The seven-headed hydra closely misses you.
Damage: -5%(-8hp) hp: 25%(39hp)
You completely miss the seven-headed hydra.
You headbutt the seven-headed hydra!
The seven-headed hydra is severely wounded.
You are no longer berserk.
You are exhausted.
You feel yourself slow down.
The seven-headed hydra bites you but does no damage.
The seven-headed hydra bites you!
* * * LOW HITPOINT WARNING * * *
The seven-headed hydra bites you but does no damage.
The seven-headed hydra barely misses you.
The seven-headed hydra bites you!
* * * LOW HITPOINT WARNING * * *
The seven-headed hydra bites you!
You die...

#P..# ..# ##.## #..
#.# #.# #.# #.. #<#
# ##.## ##†##
###.##.?. ####...#
.P.
........###.###..#
###.. #
...(.((((..††@D..#
.... ..
#P##.##...#####..#
##.#.#.. #.###
##.####..... #...
####...#..#.# ##.#
##......##..# #.#
#.#.###..#.## #.#
#...###.....##
##.####.#.#.#.P....#
####
#...#.#.......#.#.##


You could see a seven-headed hydra (very poisoned).

Vanquished Creatures
  Harold (D:7)
  2 hydras
  6 death yaks (Lair:1)
  A two-headed ogre (D:9)
  Maurice (D:8)
  2 cane toads (Lair:1)
  2 komodo dragons
  3 blink frogs (Lair:1)
  A wraith (D:10)
  28 yaks
  3 wyverns
  2 basilisks
  Menkaure (D:6)
  A steam dragon (D:9)
  3 acid dragons
  A water moccasin (Lair:1)
  An ice beast (D:8)
  2 orc warriors
  3 black bears
  2 sky beasts
  An ogre (D:3)
  2 centaurs
  A phantom (D:6)
  3 kobold brigands
  A gnoll sergeant (D:10)
  2 bullfrogs
  3 wyvern zombies
  3 scorpions
  A water moccasin zombie (D:6)
  A water moccasin skeleton (D:7)
  5 wights (D:10)
  3 howler monkeys (D:7)
  A centaur zombie (D:9)
  A bullfrog zombie (D:5)
  A jelly (D:5)
  3 hounds
  A gnoll shaman (D:8)
  3 orc priests
  2 centaur skeletons
  2 iguanas
  4 orc wizards
  A killer bee zombie (D:8)
  2 hound skeletons
  A howler monkey zombie (D:9)
  8 gnolls
  A howler monkey skeleton (D:7)
  8 adders
  3 white imps
  An ufetubus (D:4)
  2 adder skeletons (D:4)
  A worm (D:8)
  6 dart slugs
  33 orcs
  A ball python (D:1)
  6 endoplasms
  5 giant cockroaches
  7 goblins
  5 hobgoblins
  2 quokkas
  5 bats
  4 frilled lizards
  14 kobolds
  5 rats
  A spectral hobgoblin (D:6)
232 creatures vanquished.

Vanquished Creatures (others)
  4 fungi (Lair:1)
  A plant (Lair:1)
5 creatures vanquished.

Grand Total: 237 creatures vanquished

Notes
Turn   | Place    | Note
-------+----------+-------------------------------------------
     0 | D:1      | Tinkle the Minotaur Berserker began the quest for the Orb.
     0 | D:1      | Reached XP level 1. HP: 19/19 MP: 0/0
   114 | D:1      | Huge Dmg: 4 dmg
   244 | D:1      | Reached skill level 4 in Axes
   327 | D:1      | Reached XP level 2. HP: 27/27 MP: 1/1
   514 | D:1      | Found a faded altar of an unknown god.
   966 | D:2      | Reached XP level 3. HP: 33/33 MP: 2/2
   984 | D:2      | Reached skill level 5 in Axes
  1063 | D:2      | Reached ** piety under Trog
  1447 | D:2      | Reached XP level 4. HP: 41/41 MP: 3/3
  2287 | D:3      | Huge Dmg: 9 dmg
  2288 | D:3      | Reached skill level 5 in Fighting
  2288 | D:3      | Reached skill level 6 in Axes
  2288 | D:3      | Reached XP level 5. HP: 33/48 MP: 4/4
  2841 | D:4      | Noticed an ogre
  2846 | D:3      | Huge Dmg: 15 dmg
  2848 | D:3      | Killed an ogre
  2849 | D:3      | Reached skill level 7 in Axes
  2944 | D:4      | Found an ancient bone altar of Kikubaaqudgha.
  2964 | D:4      | Found Potwin's General Store.
  2992 | D:4      | Reached XP level 6. HP: 47/56 MP: 5/5
  3109 | D:4      | Reached skill level 8 in Axes
  3232 | D:4      | Bought a scroll of magic mapping for 49 gold pieces
  3239 | D:4      | Noticed a sky beast
  3251 | D:4      | Killed a sky beast
  3334 | D:4      | Reached *** piety under Trog
  3337 | D:4      | Reached skill level 9 in Axes
  3337 | D:4      | Reached XP level 7. HP: 54/61 MP: 6/6
  3424 | D:4      | Huge Dmg: 10 dmg
  3591 | D:4      | Huge Dmg: 12 dmg
  3608 | D:4      | Huge Dmg: 20 dmg
  4026 | D:4      | Found a glowing silver altar of Zin.
  4342 | D:5      | Entered Level 5 of the Dungeon
  4376 | D:4      | Huge Dmg: 29 dmg
  4755 | D:5      | Reached skill level 10 in Axes
  5128 | D:5      | Found a staircase to the Ecumenical Temple.
  5379 | D:6      | Found a hazy altar of Hepliaklqana.
  5587 | D:6      | Reached skill level 11 in Axes
  5628 | D:6      | Noticed Menkaure
  5631 | D:6      | Huge Dmg: 29 dmg
  5836 | D:6      | Reached XP level 8. HP: 54/68 MP: 7/7
  5914 | D:6      | Huge Dmg: 15 dmg
  5915 | D:6      | Killed Menkaure
  6119 | D:6      | Huge Dmg: 10 dmg
  6320 | D:6      | Reached skill level 12 in Axes
  6504 | D:6      | Identified the ring of Zining {rC+ Will+ rCorr}
  7033 | D:7      | Noticed Harold
  7052 | D:7      | Huge Dmg: 19 dmg
  7057 | D:7      | Huge Dmg: 17 dmg
  7059 | D:7      | Huge Dmg: 15 dmg
  7061 | D:7      | Killed Harold
  7062 | D:7      | Reached skill level 14 in Axes
  7062 | D:7      | Reached XP level 9. HP: 13/74 MP: 8/8
  7065 | D:7      | Huge Dmg: 4 dmg
  7647 | D:7      | Huge Dmg: 14 dmg
  7648 | D:7      | Reached skill level 1 in Evocations
  7651 | D:7      | Huge Dmg: 10 dmg
  7659 | D:7      | Huge Dmg: 12 dmg
  7738 | D:7      | Reached **** piety under Trog
  8193 | D:7      | Found Eczic's Neck Hole.
  8199 | D:7      | Bought a +0 cloak for 49 gold pieces
  8681 | D:4      | Bought a potion of haste for 140 gold pieces
  8831 | D:8      | Noticed Maurice
  9209 | D:8      | Killed Maurice
  9216 | D:8      | Huge Dmg: 39 dmg
  9371 | D:8      | Huge Dmg: 11 dmg
  9383 | D:8      | Reached skill level 5 in Armour
 10062 | D:8      | Noticed a moth of wrath
 10073 | D:8      | Found a bloodstained altar of Trog.
 11353 | D:9      | Huge Dmg: 16 dmg
 11356 | D:9      | Reached XP level 10. HP: 84/86 MP: 9/9
 11368 | D:9      | Huge Dmg: 29 dmg
 11639 | D:9      | Noticed a two-headed ogre
 11660 | D:9      | Huge Dmg: 39 dmg
 11661 | D:9      | Huge Dmg: 19 dmg
 11663 | D:9      | Killed a two-headed ogre
 12083 | D:9      | Found a sacrificial altar of Ru.
 12237 | D:9      | Reached skill level 5 in Evocations
 12372 | D:9      | Found Fagifaho's Demolitions Depot.
 12409 | D:9      | Found a white marble altar of Elyvilon.
 12650 | D:9      | Found a staircase to the Lair.
 12663 | D:9      | Huge Dmg: 13 dmg
 13406 | D:10     | Entered Level 10 of the Dungeon
 13517 | D:10     | Reached skill level 10 in Fighting
 13583 | D:10     | Reached XP level 11. HP: 99/99 MP: 10/10
 13603 | D:10     | Reached skill level 10 in Armour
 13972 | D:10     | Huge Dmg: 38 dmg
 14896 | Lair:1   | Entered Level 1 of the Lair of Beasts
 14896 | Lair:1   | Noticed a death yak
 14906 | Lair:1   | Killed a death yak
 14907 | Lair:1   | Noticed a death yak
 14922 | Lair:1   | Killed a death yak
 14923 | Lair:1   | Reached skill level 15 in Axes
 15125 | Lair:1   | Noticed a six-headed hydra
 15245 | D:9      | Huge Dmg: 29 dmg
 15247 | D:9      | Killed a six-headed hydra
 15253 | D:9      | Huge Dmg: 23 dmg
 15449 | Lair:1   | Reached ***** piety under Trog
 15523 | Lair:1   | Noticed a death yak
 15549 | Lair:1   | Killed a death yak
 15550 | Lair:1   | Reached skill level 16 in Axes
 15554 | Lair:1   | Huge Dmg: 44 dmg
 15602 | Lair:1   | Noticed a death yak
 15624 | Lair:1   | Killed a death yak
 15711 | Lair:1   | Noticed a death yak
 15712 | Lair:1   | Noticed a death yak
 15729 | Lair:1   | Huge Dmg: 18 dmg
 15733 | Lair:1   | Killed a death yak
 15734 | Lair:1   | Reached skill level 5 in Dodging
 15958 | Lair:1   | Killed a death yak
 15959 | Lair:1   | Reached skill level 1 in Throwing
 15963 | Lair:1   | Reached XP level 12. HP: 88/106 MP: 11/11
 16165 | Lair:1   | Noticed a four-headed hydra
 16174 | Lair:1   | Huge Dmg: 26 dmg
 16175 | Lair:1   | Noticed a seven-headed hydra
 16176 | Lair:1   | Huge Dmg: 24 dmg
 16177 | Lair:1   | Killed a seven-headed hydra
 16180 | Lair:1   | Huge Dmg: 23 dmg
 16184 | Lair:1   | Slain by a seven-headed hydra

Illustrated notes

Levels and vault maps discovered:
D:1:      arrival_zaba_pyramid, layout_rooms, hellmonk_ecumenical_altar_blasted
D:2:      layout_basic
D:3:      layout_basic
D:4:      layout_rooms, lemuel_crystal_altar, mainiacjoe_overflow_boulevard,
          serial_shops, shop
D:5:      layout_rooms, minmay_temple_entry_offerings
D:6:      layout_loops_ring, nicolae_hepliaklqana_monster_ancestors,
          hangedman_decor_push, uniq_menkaure
D:7:      layout_basic, nicolae_shop_sticking_my_neck_out, uniq_harold
D:8:      layout_loops_cross, tgw_trog, moated_statue,
          chequers_serial_rivers_micro_e, uniq_maurice
D:9:      layout_stronghold, mainiacjoe_overflow_large_starburst,
          erik_lair_dragon, minivault_21, nicolae_blasting_shop,
          kennysheep_doodads
D:10:     layout_rooms
Lair:1:   layout_loops_ring

Skill      XL: |  1  2  3  4  5  6  7  8  9 10 11 12 |
---------------+-------------------------------------+-----
Axes           | 4 5 6 7 9 11 14 16 | 16.0
Fighting       | 4 5 7 10 | 10.0
Armour         | 5 9 10 | 10.1
Evocations     | 3 5 |  5.0
Dodging        | 6 |  6.4
Throwing       | 2 4 |  4.3

Action                   |  1- 3 |  4- 6 |  7- 9 | 10-12 || total
-------------------------+-------+-------+-------+-------++-------
Melee: Hand axe          |    76 |    81 |   260 |   124 ||   541
       Headbutt          |    13 |    19 |    55 |    89 ||   176
       War axe           |       |       |       |   127 ||   127
       Flail             |       |       |       |    14 ||    14
Throw: Boomerang         |       |     2 |    18 |    22 ||    42
       Dart              |       |       |       |    44 ||    44
Invok: Berserk           |       |       |     5 |     5 ||    10
       Trog's Hand       |       |       |     2 |       ||     2
  Use: Scroll            |     1 |     3 |    10 |     6 ||    20
       Potion            |       |       |     2 |       ||     2
Armor: Animal skin       |     3 |       |       |       ||     3
       Chain mail        |    27 |    43 |    57 |       ||   127
       Leather armour    |     4 |       |       |       ||     4
       Plate armour      |       |       |    29 |   122 ||   151
Dodge: Dodged            |    48 |    34 |    63 |    83 ||   228
